 Dungeon Crawl Stone Soup version 0.30-a0-465-g8901f6c8b5 (webtiles) character file.

Game seed: 17411878409366248272

240 MackTheKnife the Insei (level 6, -1/38 HPs)
             Began as an Octopode Transmuter on Dec 18, 2022.
             Was an Elder of Elyvilon.
             Killed from afar by an orc wizard (6 damage)
             ... with a magic dart
             ... on level 4 of the Dungeon.
             The game lasted 00:04:42 (2991 turns).

MackTheKnife the Insei (Octopode Transmuter)        Turns: 2991, Time: 00:04:42

Health: -1/38      AC:  1    Str: 11    XL:     6   Next: 8%
Magic:  10/10      EV: 13    Int: 15    God:    Elyvilon [****..]
Gold:   243        SH:  0    Dex: 13    Spells: 7/11 levels left

rFire   . . .      SeeInvis .      - Unarmed
rCold   . . .      Faith    .    (no shield)
rNeg    . . .      Spirit   .    (helmet restricted)
rPois   .          Reflect  .    r - amulet of the acrobat
rElec   .          Harm     .    i - ring of wizardry
rCorr   .          Rampage  .    (no ring)
Will    .....                    (no ring)
Stlth   ++........               (no ring)
HPRegen 0.26/turn                (no ring)
MPRegen 0.12/turn                (no ring)
                                 (no ring)
                                 (no ring)

@: confused
A: almost no armour, amphibious, 8 rings, camouflage 1, gelatinous body 1,
(nimble swimmer 1), tentacles
a: Renounce Religion, Purification, Heal Other, Heal Self


You were on level 4 of the Dungeon.
You worshipped Elyvilon.
Elyvilon was greatly pleased with you.
You visited 1 branch of the dungeon, and saw 4 of its levels.

You collected 243 gold pieces.


Innate Abilities, Weirdness & Mutations

You cannot wear most types of armour.
You are amphibious.
You can wear up to eight rings at the same time.
Your skin changes colour to match your surroundings (Stealth+).
Your rubbery body absorbs attacks. (AC +1, EV +1)
((You are camouflaged when in or above water. (Stealth+)))
You have tentacles for arms and can constrict up to eight enemies at once.


   Skills:
 - Level 1.0 Fighting
 - Level 2.0 Dodging
 - Level 5.4 Unarmed Combat
 + Level 3.0 Spellcasting
 + Level 3.1 Transmutations
 + Level 1.0 Poison Magic


You had 7 spell levels left.
You knew the following spells:

 Your Spells              Type           Power      Damage    Failure   Level
a - Beastly Appendage     Tmut           22%        N/A       2%          1
b - Spider Form           Tmut/Pois      8%         N/A       11%         3

Your spell library contained the following spells:

 Spells                   Type           Power      Damage    Failure   Level
 Wereblood                Tmut           11%        N/A       3%          2
 Ozocubu's Armour         Ice            2%         N/A       24%         3
 Summon Guardian Golem    Hex/Summ       2%         N/A       24%         3
 Ice Form                 Ice/Tmut       7%         N/A       38%         4
 Metabolic Englaciation   Hex/Ice        1%         N/A       89%         5
 Simulacrum               Ice/Necr       1%         N/A       100%        6
 Orb of Destruction       Conj           1%         9d5       100%        7
 Spellforged Servitor     Conj/Summ      1%         N/A       100%        7

Inventory:

Magical Staves
 q - a staff of earth {!astaff}
   (You found it on level 3 of the Dungeon)
Jewellery
 i - a ring of wizardry (left tentacle)
   (You found it on level 2 of the Dungeon)
 r - an amulet of the acrobat (around mantle)
   (You found it on level 3 of the Dungeon)
Wands
 d - a wand of roots (16)
   (You found it on level 4 of the Dungeon)
 u - a wand of charming (6)
   (You found it on level 4 of the Dungeon)
Scrolls
 c - 2 scrolls of enchant weapon {unknown}
 e - 3 scrolls of teleportation {unknown}
 g - 2 scrolls of amnesia {unknown}
 h - a scroll of blinking {unknown}
 j - a scroll of immolation {unknown}
 k - a scroll of enchant armour {unknown}
 l - a scroll of noise {unknown}
 m - a scroll of acquirement {unknown}
 o - a scroll of brand weapon {unknown}
 t - a scroll of fog
Potions
 a - a potion of lignification {!q}
 b - 2 potions of heal wounds {@q2}
 f - 2 potions of haste {@q3}
 n - a potion of invisibility
 p - a potion of cancellation {unknown}
 s - a potion of might {unknown}
 v - a potion of curing {unknown}

Dungeon Overview and Level Annotations

Branches:
Dungeon (4/15) Zot: 21020
 Temple: D:4-7

Altars:
Elyvilon
Qazlal
Ru
Vehumet

Annotations:
D:4 Menkaure

......# #.........#
......# ......... ......#
........# ......#
#.......# ##...####
###.......# ####......
#...##))..####
#.........##....#.)......
#............._.{....###.
#...........#...@##..#
#†..........##...# ..#
...............### ..#
...............####..#
#....................##
.#############........##
.## #......>..# #.#
#.........# .##
#######....†....#


There were no monsters in sight!


Message History

Your Spellcasting skill increases to level 3!
Your Poison Magic skill increases to level 1! 😮 HP[-3]
You take 3 damage, and now have 27/38 hp.
You miss something. Something hits you. 😮 HP[-3]
You take 3 damage, and now have 24/38 hp.
You tentacle-slap something.
You hear some strange, mumbled words.
A puff of flame appears from out of thin air!
The puff of flame hits you.
* * * LOW HITPOINT WARNING * * *
😨 HP[-5]
You take 5 damage, and now have 19/38 hp.
You barely miss something. You miss something. Your squeeze misses something.
Something hits you.
* * * LOW HITPOINT WARNING * * *
😨 HP[-3]
You take 3 damage, and now have 16/38 hp.
Unknown command.
You bludgeon something! The endoplasm closely misses you. Something hits you.
* * * LOW HITPOINT WARNING * * *
😨 HP[-4]
You take 4 damage, and now have 12/38 hp.
Something hits you.
* * * LOW HITPOINT WARNING * * *
😱 HP[-3]
You take 3 damage, and now have 9/38 hp.
Unknown command.
Okay, then.
Aiming: Charm
Press: ? - help, Shift-Dir - straight line, f - endoplasm
Aim: an endoplasm (chance to affect: 66%)
The endoplasm struggles to resist.
The endoplasm hits you.
* * * LOW HITPOINT WARNING * * *
😱 HP[-1]
You take 1 damage, and now have 8/38 hp.
Unknown command.
You bludgeon the endoplasm!
You kill the endoplasm!
Something hits you.
* * * LOW HITPOINT WARNING * * *
😱 HP[-1]
You take 1 damage, and now have 7/38 hp.
Aiming: Fastroot
Press: ? - help, Shift-Dir - straight line The roots erupt in riotous growth!
Something completely misses you. 😱 HP[+1] Unknown command.
You miss something. You squeeze something. Something hits you.
* * * LOW HITPOINT WARNING * * *
😱 HP[-5]
You take 5 damage, and now have 3/38 hp.
You tentacle-slap something.
Your tentacle-slap misses something.
Something hits you.
* * * LOW HITPOINT WARNING * * *
😱 HP[-1]
You take 1 damage, and now have 2/38 hp.
Aiming: Fastroot
Press: ? - help, Shift-Dir - straight line
Okay, then.
You feel much better. Something hits you.
* * * LOW HITPOINT WARNING * * *
😨 HP[+10]
You regained 10 hp, and now have 12/38 hp.
You miss something. Something hits you.
* * * LOW HITPOINT WARNING * * *
😨 HP[-2]
You take 2 damage, and now have 10/38 hp.
Aiming: Fastroot
Press: ? - help, Shift-Dir - straight line The roots erupt in riotous growth!
You hear some strange, mumbled words.
You are confused.
You hear some strange, mumbled words.
Something tries to affect you, but you resist.
You miss something.
You hear some strange, mumbled words.
A puff of flame appears from out of thin air!
The puff of flame hits you! Elyvilon protects you from harm!
Unknown command.
Something barely misses you. 😨 HP[+1] Unknown command.
You closely miss something. Something hits you.
* * * LOW HITPOINT WARNING * * *
😱 HP[-3]
You take 3 damage, and now have 8/38 hp.
Unknown command.
You bump into the crystal wall.
Something hits you.
* * * LOW HITPOINT WARNING * * *
😱 HP[-3]
You take 3 damage, and now have 5/38 hp.
Unknown command.
You miss something.
Your tentacle-slap misses something.
You hear some strange, mumbled words.
A magic dart appears from out of thin air!
The magic dart hits you.
You die...

Skill      XL: |  1  2  3  4  5  6 |
---------------+-------------------+-----
Unarmed Combat | 4 5 |  5.4
Transmutations | 3 |  3.1
Spellcasting   | 3 |  3.0
Poison Magic   | 1 |  1.0
Fighting       | |  1.0
Dodging        | |  2.0

Action                   |  1- 3 |  4- 6 || total
-------------------------+-------+-------++-------
Melee: Unarmed           |    66 |    86 ||   152
       Constrict         |    16 |    20 ||    36
       Tentacles         |     9 |    22 ||    31
       Punch             |       |     3 ||     3
 Cast: Beastly Appendage |     1 |     2 ||     3
Evoke: Wand              |       |     4 ||     4
  Use: Scroll            |       |     4 ||     4
       Potion            |       |     1 ||     1
 Stab: Sleeping          |     9 |     7 ||    16
Armor: Skin              |     4 |     2 ||     6
Dodge: Dodged            |    38 |    47 ||    85

Levels and vault maps discovered:
D:1:      dpeg_arrival_connections, layout_basic, basic_ecumenical_altar,
          minmay_ruptured
D:2:      layout_basic, minmay_fountain_box
D:3:      layout_rooms
D:4:      layout_basic, mainiacjoe_overflow_chevrons,
          mainiacjoe_overflow_alcove_2, nicolae_overflow_crystal_walls,
          gammafunk_temple_overflow_statue, chequers_hall_statues_y,
          roderic_lattice_a, hex_medium, minmay_misc_feat_more_columns,
          uniq_menkaure

Notes
Turn   | Place    | Note
-------+----------+-------------------------------------------
     0 | D:1      | MackTheKnife the Octopode Transmuter began the quest for
                  | the Orb.
     0 | D:1      | Reached XP level 1. HP: 13/13 MP: 3/3
     0 | D:1      | magus.rc [v1.9.6]
   113 | D:1      | Found a faded altar of an unknown god.
   141 | D:1      | Prayed at the altar of an unknown god.
   141 | D:1      | Became a worshipper of Elyvilon the Healer
   141 | D:1      | Reached * piety under Elyvilon
   442 | D:1      | Reached XP level 2. HP: 13/18 MP: 5/5
   973 | D:2      | Reached skill level 4 in Unarmed Combat
   973 | D:2      | Reached XP level 3. HP: 19/23 MP: 6/6
  1073 | D:2      | Reached ** piety under Elyvilon
  1155 | D:2      | HP: 5/23 [poisoned by an adder]
  1539 | D:3      | Reached XP level 4. HP: 28/28 MP: 7/7
  1571 | D:3      | You pick up a book of Winter and begin reading...
  1571 | D:3      | You add the spells Ozocubu's Armour, Metabolic Englaciation
                  | and Simulacrum to your library.
  1609 | D:3      | You pick up a book of Dangerous Friends and begin
                  | reading...
  1609 | D:3      | You add the spells Summon Guardian Golem, Orb of
                  | Destruction and Spellforged Servitor to your library.
  1658 | D:3      | Reached *** piety under Elyvilon
  2070 | D:4      | Reached skill level 5 in Unarmed Combat
  2166 | D:4      | Found a radiant altar of Vehumet.
  2166 | D:4      | Found a sacrificial altar of Ru.
  2177 | D:4      | Found a stormy altar of Qazlal.
  2221 | D:4      | Noticed Menkaure
  2225 | D:4      | Reached XP level 5. HP: 18/33 MP: 8/8
  2332 | D:3      | HP: 1/33 [orc/+0 flail (11)]
  2333 | D:3      | Elyvilon protects you from harm!
  2617 | D:4      | Reached **** piety under Elyvilon
  2815 | D:4      | Reached skill level 3 in Transmutations
  2892 | D:4      | Learned a level 3 spell: Spider Form
  2951 | D:4      | Found a white marble altar of Elyvilon.
  2966 | D:4      | Reached XP level 6. HP: 34/38 MP: 10/10
  2969 | D:4      | Reached skill level 3 in Spellcasting
  2969 | D:4      | Reached skill level 1 in Poison Magic
  2974 | D:4      | HP: 9/38 [something (3)]
  2979 | D:4      | HP: 7/38 [something (1)]
  2981 | D:4      | HP: 3/38 [something (5)]
  2987 | D:4      | Elyvilon protects you from harm!
  2989 | D:4      | HP: 8/38 [something (3)]
  2991 | D:4      | Killed from afar by an orc wizard

Vanquished Creatures
  A jelly (D:4)
  3 orc wizards (D:4)
  6 adders
  3 dart slugs
  15 orcs
  8 endoplasms
  A giant cockroach (D:4)
  3 jackals (D:3)
  7 kobolds
  A quokka (D:1)
  7 ball pythons
  3 bats
  A frilled lizard (D:1)
  6 goblins
  3 rats
68 creatures vanquished.

Table legend:
 A = Non-vault XP
 B = Vault XP
 C = Vault XP percentage of total XP
 D = Non-vault monster count
 E = Vault monster count
 F = Vault count percentage of total count
                 A         B        C        D         E       F
            +---------+---------+-------+---------+---------+-------
      Total |     341 |       3 |   0.9 |      66 |       2 |   2.9
            +---------+---------+-------+---------+---------+-------
        D:1 |      25 |       3 |  10.7 |      16 |       2 |  11.1
        D:2 |      50 |       0 |   0.0 |       9 |       0 |   0.0
        D:3 |      40 |       0 |   0.0 |      18 |       0 |   0.0
        D:4 |     226 |       0 |   0.0 |      23 |       0 |   0.0
            +---------+---------+-------+---------+---------+-------

Illustrated notes

Table legend:
 A = Kills in this place as a percentage of kills in entire the game.
 B = Kills by you in this place as a percentage of kills by you in the entire game.
 C = Kills by friends in this place as a percentage of kills by friends in the entire game.
 D = Other kills in this place as a percentage of other kills in the entire game.
 E = Experience gained in this place as a percentage of experience gained in the entire game.
 F = Experience gained in this place divided by the number of levels of this place that you have seen.
                   A       B       C       D       E      F
               +-------+-------+-------+-------+-------+----------------------
         Total | 100.0 | 100.0 |   N/A |   N/A | 100.0 |  86.0
       Dungeon | 100.0 | 100.0 |   N/A |   N/A | 100.0 |  86.0
               +-------+-------+-------+-------+-------+----------------------

Table legend: (Time is in decaauts)
 A = Elapsed time spent in this place.
 B = Non-inter-level travel time spent in this place.
 C = Inter-level travel time spent in this place.
 D = Time resting spent in this place.
 E = Time spent auto-exploring this place.
 F = Levels seen in this place.
 G = Mean time per level.
                   A        B        C        D        E       F      G
               +--------+--------+--------+--------+--------+-----+--------+
         Total |   2979 |   2909 |     70 |    352 |   2088 |   4 |  744.8 |
       Dungeon |   2979 |   2909 |     70 |    352 |   2088 |   4 |  744.8 |
               +--------+--------+--------+--------+--------+-----+--------+

Top non-repeatable levels by time:
     D:1: 936 daAuts
     D:4: 753 daAuts
     D:3: 749 daAuts
     D:2: 538 daAuts
